 Dungeon Crawl Stone Soup version 0.28.0 (webtiles) character file.

Game seed: 3827429576670266821

56 browni3141 the Shield-Bearer (level 3, -1/33 HPs)
             Began as a Minotaur Fighter on Feb 11, 2022.
             Slain by an orc (3 damage)
             ... on level 2 of the Dungeon.
             The game lasted 00:00:40 (1121 turns).

browni3141 the Shield-Bearer (Minotaur Fighter)     Turns: 1121, Time: 00:00:41

Health: -1/33      AC:  7    Str: 22    XL:     3   Next: 71%
Magic:  2/2        EV:  9    Int:  5    God:
Gold:   105        SH:  4    Dex:  9    Spells: 2/2 levels left

rFire   . . .      SeeInvis .   a - +0 war axe
rCold   . . .      Faith    .   c - +0 buckler
rNeg    . . .      Spirit   .   b - +0 scale mail
rPois   .          Reflect  .   (helmet restricted)
rElec   .          Harm     .   (no cloak)
rCorr   .          Rampage  .   (no gloves)
Will    .....                   (no boots)
Stlth   ..........              (no amulet)
HPRegen 0.11/turn               (no ring)
MPRegen 0.08/turn               (no ring)

@: no status effects
A: horns 2, retaliatory headbutt
a: no special abilities


You were on level 2 of the Dungeon.
You visited 1 branch of the dungeon, and saw 2 of its levels.

You collected 105 gold pieces.

Inventory:

Hand Weapons
 a - a +0 war axe (weapon)
Armour
 b - a +0 scale mail (worn)
 c - a +0 buckler (worn)
Scrolls
 e - a scroll of amnesia {unknown}
 f - 3 scrolls of identify {unknown}
 g - a scroll of enchant weapon {unknown}
 h - a scroll of silence {unknown}
 i - 2 scrolls of teleportation {unknown}
 j - a scroll of noise {unknown}
Potions
 d - a potion of might
 k - a potion of curing {unknown}


   Skills:
 + Level 4.2 Fighting
 + Level 3.2 Axes
 + Level 4.2 Armour
 + Level 4.3 Shields


You had 2 spell levels left.
You didn't know any spells.
Your spell library contained the following spells:

 Spells                   Type           Power      Damage    Failure   Level
 Blink                    Tloc           0%         N/A       95%         2
 Lesser Beckoning         Tloc           0%         N/A       99%         3
 Manifold Assault         Tloc           0%         N/A       100%        5


Dungeon Overview and Level Annotations

Branches:
Dungeon (2/15)

Altars:


Innate Abilities, Weirdness & Mutations

You have a pair of horns on your head.
You reflexively headbutt those who attack you in melee.


Message History

The orc hits you but does no damage.
You hit the orc but do no damage.
The orc is severely wounded.
The orc barely misses you. You furiously retaliate!
You headbutt the orc!
You kill the orc!
You hit the worm. You headbutt the worm!
The worm is severely wounded.
The worm closely misses you.
You slash the worm!
You kill the worm!
The orc priest calls down the wrath of Beogh upon you.
Beogh smites you!
You barely miss the orc. The orc hits you with a +0 mace.
You barely miss the orc. The orc hits you with a +0 mace.
The orc hits you but does no damage.
You hit the orc.
The orc is moderately wounded.
The orc closely misses you.
You closely miss the orc. Your headbutt misses the orc.
The orc is moderately wounded.
The orc hits you with a +0 mace.
* * * LOW HITPOINT WARNING * * *
The orc barely misses you.
You are too injured to fight recklessly!
You hit the orc but do no damage. Your headbutt misses the orc.
The orc is moderately wounded.
The orc priest calls upon Beogh to heal the orc.
The orc's wounds heal themselves!
The orc barely misses you.
You are too injured to fight recklessly!
You closely miss the orc. Your headbutt misses the orc.
The orc barely misses you.
The orc priest miscasts a cantrip.
The orc hits you with a +0 mace.
* * * LOW HITPOINT WARNING * * *
You are too injured to fight recklessly!
You closely miss the orc. The orc hits you but does no damage.
The orc priest miscasts a cantrip.
You are too injured to fight recklessly!
You hit the orc but do no damage. The orc hits you with a +0 mace.
You die...

### ... #.# #.#
#.# #o# #o# #@#
#.# ### #)#
#.#####.###.#
#...........#
##.#####........
#.## ##.##).##
#.# .# .# #.# .#
.#


You could see an orc priest and an orc.

Vanquished Creatures
  An adder (D:2)
  2 worms (D:2)
  An orc (D:2)
  3 bats
  7 endoplasms
  4 giant cockroaches (D:1)
  6 goblins
  3 hobgoblins (D:1)
  2 quokkas
  A ball python (D:1)
  A frilled lizard (D:2)
  4 kobolds
35 creatures vanquished.

Notes
Turn   | Place    | Note
-------+----------+-------------------------------------------
     0 | D:1      | browni3141 the Minotaur Fighter began the quest for the
                  | Orb.
     0 | D:1      | Reached XP level 1. HP: 19/19 MP: 0/0
    49 | D:1      | Reached XP level 2. HP: 20/27 MP: 1/1
   656 | D:1      | Reached XP level 3. HP: 33/33 MP: 2/2
  1121 | D:2      | Slain by an orc

Illustrated notes

Levels and vault maps discovered:
D:1:      dpeg_arrival_fog, layout_basic, minivault_26, minmay_circled_x
D:2:      layout_loops_ring, basic_altar, chequers_arboretum, uniq_sigmund,
          uniq_crazy_yiuf_cottage

Skill      XL: |  1  2 |
---------------+-------+-----
Shields        | 4 |  4.3
Fighting       | 4 |  4.2
Armour         | 4 |  4.2
Axes           | 3 |  3.2

Action                   || total
-------------------------++-------
Melee: War axe           ||    66
       Headbutt          ||     7
Armor: Scale mail        ||    28
Dodge: Dodged            ||    30
Block: Buckler           ||     8
